 Dungeon Crawl Stone Soup version 0.18.1-48-g4cf74bf (webtiles) character file.

37 poirepourri the Gusty (level 3, 0/19 HPs)
             Began as a Tengu Air Elementalist on July 8, 2016.
             Slain by a hound skeleton (2 damage)
             ... on level 4 of the Dungeon.
             The game lasted 00:04:32 (2218 turns).

poirepourri the Gusty (Tengu Air Elementalist)      Turns: 2218, Time: 00:04:33

Health: 0/19       AC:  4    Str:  8    XL:     3   Next: 41%
Magic:  3/7        EV: 13    Int: 14    God:
Gold:   153        SH:  0    Dex: 14    Spells: 3 memorised, 2 levels left

rFire  . . .     SeeInvis .     (no weapon)
rCold  . . .     Gourm    .     a - +0 robe
rNeg   . . .     Faith    .     (no shield)
rPois  .         Spirit   .     (helmet restricted)
rElec  .         Dismiss  .     n - +1 cloak
rCorr  .         Reflect  .     (no gloves)
SustAt .         Harm     .     (boots unavailable)
MR     .....     Rnd*Rage +     (no amulet)
Stlth  ++........               (no ring)
                                (no ring)

@: not resistant to hostile enchantments, unstealthy
A: beak, talons 3, berserk 1, dopey 1, MP-powered wands
a: no special abilities


You were on level 4 of the Dungeon.
You were not hungry.

You visited 1 branch of the dungeon, and saw 4 of its levels.

You collected 153 gold pieces.

Inventory:

Armour
 a - a +0 robe (worn)
 n - a +1 cloak (worn)
Potions
 g - 2 potions of lignification
 j - a potion of curing
Books
 b - a book of Air

   Spells                             Type                      Level
   a - Shock                          Conjuration/Air              1
   b - Swiftness                      Charms/Air                   2
   c - Repel Missiles                 Charms/Air                   2
   d - Static Discharge               Conjuration/Air              3
   e - Lightning Bolt                 Conjuration/Air              5
Comestibles
 f - a slice of pizza
 h - a royal jelly


   Skills:
 + Level 2.5 Dodging
 - Level 2.0 Stealth
 + Level 2.5 Spellcasting
 + Level 1.8 Conjurations
 + Level 4.9 Air Magic


You had 2 spell levels left.
You knew the following spells:

 Your Spells              Type           Power        Failure   Level  Hunger
a - Shock                 Conj/Air       ##..         6%          1    #......
b - Swiftness             Chrm/Air       #.......     14%         2    ###....
c - Repel Missiles        Chrm/Air       #.....       14%         2    ###....


Dungeon Overview and Level Annotations

Branches:
Dungeon (4/15)
 Temple: D:4-7

Altars:

Annotations:
D:1 1 runed door
D:2 Robin


Innate Abilities, Weirdness & Mutations

You have a beak for a mouth.
You have claws for feet.
You tend to lose your temper in combat.
You are dopey. (Int -2)
You expend magic power (3 MP) to strengthen your wands.


Message History

Found 7 gold pieces.
The adder misses you. The adder bites you but does no damage.
The adder misses you.
Found 17 stones.
A hound skeleton comes into view.
You feel sick. The adder bites you.
* * * LOW HITPOINT WARNING * * *
The adder closely misses you. The adder barely misses you.
You feel sick. The hound skeleton bites you.
* * * LOW HITPOINT WARNING * * *
The adder barely misses you. The hound skeleton bites you.
* * * LOW HITPOINT WARNING * * *
You feel sick.
You are no longer poisoned.
The hound skeleton closely misses you. x2
The hound skeleton misses you. The hound skeleton bites you.
You die...

#...# #...# #...#
... ##### #.###
#...####(#.####.
###S#..........$..
#.ZS..#####...##..
#@##### ##.#.# #.#
#...># #.#
#..####.# #.#
#.......# #.#
#.######. #.#
###.### ...
#.....# ...
#.....# #...<.#


You could see 2 adders and a hound skeleton.

Vanquished Creatures
  An ooze (D:1)
  A ball python (D:1)
  A giant cockroach (D:1)
  5 goblins
  8 hobgoblins
  4 kobolds
  5 bats (D:1)
  2 giant newts (D:1)
  5 rats
32 creatures vanquished.

Notes
Turn   | Place    | Note
--------------------------------------------------------------
     0 | D:1      | poirepourri the Tengu Air Elementalist began the quest for the Orb.
     0 | D:1      | Reached XP level 1. HP: 10/10 MP: 4/4
     1 | D:1      | Found a runed door.
   340 | D:1      | Reached XP level 2. HP: 15/15 MP: 1/6
  1192 | D:1      | Reached XP level 3. HP: 19/19 MP: 0/7
  1568 | D:1      | Learned a level 2 spell: Swiftness
  1571 | D:1      | Learned a level 2 spell: Repel Missiles
  2142 | D:2      | Noticed Robin
  2191 | D:4      | Gained mutation: You tend to lose your temper in combat. [potion of mutation]
  2191 | D:4      | Gained mutation: You are dopey. (Int -2) [potion of mutation]
  2191 | D:4      | Gained mutation: You expend magic power (3 MP) to strengthen your wands. [potion of mutation]
  2218 | D:4      | Slain by a hound skeleton

Action                   || total
-------------------------++-------
Melee: Unarmed           ||     2
       Kick              ||     1
 Cast: Shock             ||    70
  Use: Scroll            ||     5
       Potion            ||     4
  Eat: Beef jerky        ||     1
       Bread ration      ||     1
Armor: Robe              ||    15
Dodge: Dodged            ||    65
